 Dungeon Crawl Stone Soup version 0.26-a0-602-gd42a14c23b (webtiles) character file.

Game seed: 9848126155741046003

11 ANON1729 the Sneak (level 2, -1/15 HPs)
             Began as a Spriggan Brigand on Aug 31, 2020.
             Slain by a jackal (2 damage)
             ... on level 1 of the Dungeon.
             The game lasted 00:00:44 (261 turns).

ANON1729 the Sneak (Spriggan Brigand)                Turns: 261, Time: 00:00:45

Health: -1/15      AC:  3    Str:  7    XL:     2   Next: 13%
Magic:  3/3        EV: 17    Int: 12    God:
Gold:   17         SH:  0    Dex: 17    Spells: 1/1 levels left

rFire    . . .     SeeInvis +   a - +2 dagger
rCold    . . .     Faith    .   (shield restricted)
rNeg     . . .     Spirit   .   b - +0 robe
rPois    .         Reflect  .   (helmet restricted)
rElec    .         Harm     .   c - +0 cloak
rCorr    .                      (gloves unavailable)
MR       .....                  (boots unavailable)
Stlth    +++.......             (no amulet)
HPRegen  0.05/turn              (no ring)
MPRegen  0.08/turn              (no ring)

@: very quick
A: very small, unfitting armour, see invisible, speed 3
a: no special abilities


You were on level 1 of the Dungeon.
You visited 1 branch of the dungeon, and saw 2 of its levels.

You collected 17 gold pieces.

Inventory:

Hand Weapons
 a - a +2 dagger (weapon)
Missiles
 d - 8 poisoned darts (quivered)
Armour
 b - a +0 robe (worn)
 c - a +0 cloak (worn)


   Skills:
 + Level 1.7 Fighting
 + Level 2.4 Short Blades
 + Level 2.1 Throwing
 + Level 2.0 Dodging
 + Level 6.0 Stealth


You had one spell level left.
You didn't know any spells.
Your spell library was empty.

Dungeon Overview and Level Annotations

Branches:
Dungeon (2/15)

Altars:


Innate Abilities, Weirdness & Mutations

You are very small and have problems with some larger weapons.
You are too small for most types of armour.
You have supernaturally acute eyesight. (SInv)
You cover ground extremely quickly.


Message History

Unknown command.
Quiver which item? (- for none, * to show all) (? for menu, Esc to quit)
Quivering
e - 2 curare-tipped darts for throwing.
Throwing (i - inventory. (/) - cycle)
e - 2 curare-tipped darts (quivered)
Press: ? - help, Shift-Dir - straight line, f - jackal
Aim: a jackal You throw a curare-tipped dart.
The curare-tipped dart closely misses the jackal.
The curare-tipped dart hits the hobgoblin.
The hobgoblin is poisoned.
The hobgoblin convulses.
You kill the hobgoblin!
Your Dodging skill increases to level 2!
Throwing (i - inventory. (/) - cycle)
e - a curare-tipped dart (quivered)
Press: ? - help, Shift-Dir - straight line, f/p - jackal
Aim: a jackal You throw a curare-tipped dart.
The curare-tipped dart hits the jackal.
The jackal is poisoned.
The jackal convulses.
You kill the jackal!
The jackal bites you.
You die...

######## #....@.#
#...h†.# #......#
#### #......#.....
#......#.....
#....(....###
###########.......#
#.....#####>.......
#####.##.....#..###


You could see a jackal.

Vanquished Creatures
  A dart slug (D:1)
  A hobgoblin (D:1)
  3 jackals
  A ball python (D:1)
  2 bats
  A rat (D:1)
9 creatures vanquished.

Notes
Turn   | Place    | Note
-------+----------+-------------------------------------------
     0 | D:1      | ANON1729 the Spriggan Brigand began the quest for the Orb.
     0 | D:1      | Reached XP level 1. HP: 10/10 MP: 2/2
     6 | D:1      | Noticed a killer bee
     6 | D:1      | Noticed a water moccasin
     6 | D:1      | Noticed a hog
     7 | D:1      | Noticed a wyvern
     7 | D:1      | Noticed a polar bear
   139 | D:2      | Reached skill level 6 in Stealth
   195 | D:2      | Reached XP level 2. HP: 5/15 MP: 3/3
   234 | D:2      | Noticed an ogre
   261 | D:1      | Slain by a jackal

Illustrated notes

Levels and vault maps discovered:
D:1:      onia_arrival_zoo_common, layout_basic, chequers_serial_rivers_micro_c
D:2:      layout_loops_cross, old_standard_altar

Skill      XL: |  1  2 |
---------------+-------+-----
Stealth        | 6 |  6.0
Dodging        | 2 |  2.0
Fighting       | |  1.7
Short Blades   | |  2.4
Throwing       | |  2.1

Action                   || total
-------------------------++-------
Melee: Dagger            ||    40
Throw: Dart              ||     2
 Stab: Sleeping          ||     1
Armor: Robe              ||     3
Dodge: Dodged            ||    46

Table legend: (Time is in decaauts)
 A = Elapsed time spent in this place.
 B = Non-inter-level travel time spent in this place.
 C = Inter-level travel time spent in this place.
 D = Time resting spent in this place.
 E = Time spent auto-exploring this place.
 F = Levels seen in this place.
 G = Mean time per level.
                   A        B        C        D        E       F      G
               +--------+--------+--------+--------+--------+-----+--------+
         Total |    201 |    201 |      0 |     71 |     42 |   2 |  100.5 |
       Dungeon |    201 |    201 |      0 |     71 |     42 |   2 |  100.5 |
               +--------+--------+--------+--------+--------+-----+--------+

Top non-repeatable levels by time:
     D:2: 111 daAuts
     D:1: 89 daAuts
